 Dungeon Crawl Stone Soup version 0.17.1-3-g152610e (webtiles) character file.

662330 Peloso the Minotaur Barricade (level 27, -4/218 HPs)
             Began as a Minotaur Fighter on Feb 19, 2016.
             Was an Elder of Okawaru.
             Killed by divine providence
             ... invoked by a sphinx
              (12 damage)
             ... on level 1 of the Tomb of the Ancients on Feb 20, 2016.
             The game lasted 06:16:26 (85695 turns).

Peloso the Minotaur Barricade (Minotaur Fighter)   Turns: 85695, Time: 06:16:26

Health: -4/218     AC: 44    Str: 35    XL:     27
Magic:  35/35      EV: 22    Int:  5    God:    Okawaru [****..]
Gold:   8303       SH: 30    Dex: 27    Spells: 0 memorised, 27 levels left

rFire  + . .     SeeInvis +     t - +5 double sword (holy)
rCold  + . .     Clarity  +     k - +4 gold dragon armour
rNeg   + . .     SustAt   .     X - +0 large shield of Proximity {rN+ Str+4}
rPois  +         Gourm    .     P - +2 hat {MR+}
rElec  .         Spirit   .     f - +2 cloak {MR+}
rCorr  .         Warding  .     W - +2 pair of fencer's gloves {LBl+4 SBl+4 EV+3 Dex+6}
rMut   .         Stasis   .     b - +0 pair of boots {run}
MR     +++++                    j - amulet "Suaff" {Clar MR+ Dex+3}
Stlth  ..........               T - +5 ring of dexterity
                                Q - ring of Equilibrium {MR+ MP+9 Slay+3 SInv}

@: very slightly contaminated, hasted, very quick, almost entirely resistant to
hostile enchantments, extremely unstealthy
A: retaliatory headbutt, horns 2, iridescent scales 1, blurry vision 1, frail 2,
low mp 1, poison resistance, no device heal 1
a: Heroism, Renounce Religion
}: 4/15 runes: decaying, slimy, silver, gossamer


You were on level 1 of the Tomb of the Ancients.
You worshipped Okawaru.
Okawaru was greatly pleased with you.
You were very hungry.

You visited 12 branches of the dungeon, and saw 59 of its levels.
You also visited: Labyrinth, Sewer and Ice Cave.

You collected 8518 gold pieces.
You spent 215 gold pieces at shops.

Inventory:

Hand Weapons
 t - a +5 double sword of holy wrath (weapon)
 K - the +4 long sword of Greed {holy, rF+}
   (Okawaru gifted it to you on level 4 of the Vaults)

   It has been blessed by the Shining One to cause great damage to the undead
   and demons.
   It protects you from fire.
 S - the +8 double sword of Destiny {speed, rPois}
   (Okawaru gifted it to you on level 2 of the Vaults)

   Attacks with this weapon are significantly faster.
   It protects you from poison.
 Y - a +9 double sword of flaming
Armour
 a - a +8 crystal plate armour
 b - a +0 pair of boots of running (worn)
 f - a +2 cloak of magic resistance (worn)
 k - a +4 gold dragon armour (worn)
 E - the +2 cloak of Starlight {rElec rC+ EV+4 Stlth--}
   (You acquired it on level 1 of the Spider Nest)

   It affects your evasion (+4).
   It protects you from cold.
   It insulates you from electricity.
   It makes you much less stealthy.
 P - a +2 hat of magic resistance (worn)
 W - the +2 pair of fencer's gloves (worn) {LBl+4 SBl+4 EV+3 Dex+6}
   (You found it on level 3 of the Elven Halls)

   It affects your evasion (+3).
   It affects your dexterity (+6).
 X - the +0 large shield of Proximity (worn) {rN+ Str+4}
   (Okawaru gifted it to you on level 4 of the Spider Nest)

   It affects your strength (+4).
   It protects you from negative energy.
Jewellery
 j - the amulet "Suaff" (around neck) {Clar MR+ Dex+3}
   (You found it on level 2 of the Depths)

   [amulet of clarity]

   It provides mental clarity.
   It affects your dexterity (+3).
   It affects your resistance to hostile enchantments.
 r - an uncursed amulet of faith
 Q - the ring of Equilibrium (left hand) {MR+ MP+9 Slay+3 SInv}
   (You found it on level 8 of the Lair of Beasts)

   [ring of magical power]

   It affects your accuracy and damage with ranged weapons and melee attacks
   (+3).
   It affects your resistance to hostile enchantments.
   It affects your magic capacity (+9).
   It lets you see invisible.
 T - a +5 ring of dexterity (right hand)
Wands
 l - a wand of heal wounds (0)
 p - a wand of slowing (8)
 y - a wand of teleportation (4)
 D - a wand of disintegration (9)
 H - a wand of hasting (2)
 N - a wand of magic darts (25)
 R - a wand of digging (4)
Scrolls
 d - a scroll of enchant armour
 s - 26 scrolls of teleportation
 u - 2 scrolls of holy word
 v - 20 scrolls of identify
 w - 3 scrolls of recharging
 x - 37 scrolls of remove curse
 z - 2 scrolls of blinking
 A - 8 scrolls of magic mapping
 F - a scroll of amnesia
 J - 7 scrolls of fear
 M - 5 scrolls of summoning
 V - 2 scrolls of silence
Potions
 c - 3 potions of invisibility
 g - 7 potions of flight
 h - 4 potions of cancellation
 n - 6 potions of agility
 o - 4 potions of might
 q - 2 potions of berserk rage
 B - 2 potions of cure mutation
 G - 12 potions of curing
Comestibles
 e - 30 bread rations
 i - 25 meat rations
 m - a slice of pizza


   Skills:
 O Level 27 Fighting
 O Level 27 Long Blades
 + Level 1.1 Throwing
 + Level 22.3 Armour
 + Level 11.6 Dodging
 + Level 4.2 Stealth
 O Level 27 Shields
 + Level 1.3 Unarmed Combat
 + Level 0.6 Spellcasting
 + Level 10.2 Invocations
 + Level 3.1 Evocations


You had 27 spell levels left.
You didn't know any spells.

Dungeon Overview and Level Annotations

Branches:
Dungeon (15/15)            Temple (1/1) D:6            Lair (8/8) D:11
  Swamp (4/4) Lair:3       Spider (4/4) Lair:3        Slime (6/6) Lair:8
    Orc (4/4) D:10            Elf (3/3) Orc:4        Vaults (5/5) D:13
  Crypt (3/3) Vaults:3       Tomb (1/3) Crypt:3      Depths (5/5) D:15
    Zot (0/5) Depths:5

Altars:
Ashenzari
Cheibriados
Dithmenos
Elyvilon
Fedhas
Gozag
Kikubaaqudgha
Makhleb
Nemelex Xobeh
Okawaru
Qazlal
Ru
Sif Muna
Trog
Vehumet
Xom
Yredelemnul
Zin
The Shining One
Beogh
Jiyva

Shops:
D:6 !   D:7 (   D:9 *   Orc:1 (   Orc:4 (*=*(   Elf:1 (   Elf:2 }   Vaults:2 (
Depths:4 (

Portals:
Hell: Depths:1 Depths:2 Depths:3 Depths:4 Depths:5
Abyss: Depths:4 Depths:5
Pandemonium: Depths:3
Ziggurat: Depths:4
Trove: Elf:3 (give 2 scrolls of acquirement)


Innate Abilities, Weirdness & Mutations

You reflexively headbutt those who attack you in melee.
You have a pair of horns on your head.
You are partially covered in iridescent scales (AC +4).
Scrolls take you a little longer to read.
You are very frail (-20% HP).
Your magical capacity is low (-10% MP).
Your system is resistant to poisons.
Potions and wands are less effective at restoring your health.


Message History

Drink which item? (? for menu, Esc to quit)
Okay, then.
Evoke which item? (* to show all) (? for menu, Esc to quit)
Zapping:
H - a wand of hasting (3)
Press: ? - help, Shift-Dir - straight line, f - you You feel yourself speed up.
You are very lightly contaminated with residual magic.
This wand has 2 charges left.
The sphinx mumbles some strange words.
You resist with almost no effort.
Drink which item? (? for menu, Esc to quit)
You feel better.
The sphinx mumbles some strange words.
Something smites you!
* * * LOW HITPOINT WARNING * * *
Drink which item? (? for menu, Esc to quit)
You feel better.
The sphinx casts a spell.
Something smites you!
You die...

#.........#
#.........#
#.........#
#.........#
#.........#
#.........#
#.........#
#.........#
#........@#
#.........#
#........H#
#........H#
#.......HH#
#.........#
#.........#
#.........#
#.........#


You could see 4 sphinxes.

Vanquished Creatures
  the royal jelly (Slime:6)
  Dissolution (Slime:2)
  2 ancient liches
  Mara (Spider:3)
  Mennas (Vaults:2)
  A juggernaut (Depths:5)
  Sojobo (Vaults:5)
  Margery (Crypt:3)
  Saint Roka (Elf:2)
  2 caustic shrikes
  5 golden dragons
  Nikola (Swamp:3)
  the Enchantress (Depths:1)
  A profane servitor (Crypt:1)
  Xtahua (Vaults:3)
  A bone dragon (Crypt:3)
  7 liches
  Jorgrun (Spider:2)
  6 tentacled monstrosities
  Rupert (D:12)
  3 deep elf blademasters
  Asterion (Vaults:3)
  4 quicksilver dragons
  2 deep elf master archers (Elf:3)
  2 titans
  2 sphinxes (shapeshifter)
  An octopode crusher (Depths:2)
  The ghost of Gargoyl the Severer, an adept DsAK of Lugonu (Spider:3)
  28 acid blobs
  An ancient champion (Crypt:2)
  10 sphinxes
  2 thorn hunters (Swamp:1)
  Agnes (Spider:1)
  9 storm dragons
  Kirke (Swamp:3)
  9 shadow dragons
  11 tengu reavers
  Roxanne (Swamp:1)
  11 azure jellies
  Wiglaf (Vaults:1)
  14 vault wardens
  2 revenants (Crypt:2)
  18 frost giants
  14 fire giants
  Donald (Crypt:3)
  Maud (Lair:8)
  A draconian knight (Depths:5)
  4 deep elf sorcerers
  7 emperor scorpions
  Aizul (Swamp:3)
  Louise (D:15)
  5 iron dragons
  2 curse skulls (Crypt:1)
  3 ghost moths
  A draconian shifter (Depths:5)
  A caustic shrike zombie (Crypt:2)
  2 angels (Depths:4)
  17 ironheart preservers
  3 ghouls
  A reaper (Crypt:1)
  6 spriggan defenders
  11 vampire knights
  13 very ugly things
  11 war gargoyles
  A large abomination (Elf:2)
  23 stone giants
  14 deep elf demonologists
  A yellow draconian (Depths:5)
  Azrael (D:13)
  10 deep elf annihilators
  2 mottled draconians (Depths:5)
  A blizzard demon (Depths:3)
  4 eidola (Crypt:1)
  23 ettins
  11 deep elf death magi
  3 crystal guardians (Crypt:3)
  A merfolk javelineer (Depths:2)
  A mummy priest (Tomb:1)
  9 death oozes
  6 jiangshi (Crypt:2)
  A minotaur (Lab)
  6 entropy weavers
  5 deep elf high priests
  13 fire dragons
  13 yaktaur captains
  34 vault guards
  15 ice dragons
  14 great orbs of eyes
  26 hydras
  7 rakshasas
  12 ogre magi
  3 death knights
  13 centaur warriors
  5 catoblepae
  A catoblepas (shapeshifter) (Depths:2)
  4 spriggan air magi
  18 dancing weapons
  2 ghost crabs
  5 alligators
  5 orc high priests
  6 tengu warriors
  13 deep troll shamans
  12 vampire magi
  20 death yaks
  9 spriggan berserkers
  2 soul eaters
  8 deep troll earth magi
  3 small abominations
  30 deep elf knights
  4 shadow wraiths
  22 hell knights
  25 skeletal warriors
  A fire crab (shapeshifter) (Depths:5)
  An unseen horror (shapeshifter) (Depths:4)
  10 swamp dragons
  6 giant orange brains
  2 unseen horrors
  4 iron trolls
  A spriggan druid (Swamp:3)
  An anaconda zombie (Crypt:1)
  26 deep trolls
  A sea snake (shapeshifter) (Depths:4)
  A swamp dragon (shapeshifter) (Depths:2)
  17 orb spiders
  5 phantasmal warriors
  14 deep elf summoners
  A shadow dragon zombie (Crypt:3)
  2 anubis guards (Tomb:1)
  Pikel (D:4)
  7 flayed ghosts
  14 ironbrand convokers
  15 orc knights
  15 necromancers
  2 shambling mangroves
  11 deep elf conjurers
  8 hill giants
  7 shining eyes
  An iron dragon zombie (Crypt:3)
  A hornet (shapeshifter) (Vaults:5)
  An oklob plant (Lair:8)
  10 orc sorcerers
  2 wizards
  9 cyclopes
  A manticore (D:15)
  30 wolf spiders
  2 wolf spiders (shapeshifter)
  40 ugly things
  A water nymph (shapeshifter) (Depths:4)
  5 griffons
  12 elephants
  3 moths of wrath
  A fire giant zombie (Crypt:3)
  6 hornets
  A shock serpent zombie (Tomb:1)
  10 black mambas
  4 eyes of devastation
  A torpor snail (shapeshifter) (Elf:1)
  A naga mage (D:15)
  3 ice statues (IceCv)
  2 fire giant skeletons
  13 vault sentinels
  2 black mambas (shapeshifter)
  4 kobold demonologists
  A dire elephant skeleton (Crypt:2)
  20 spiny frogs
  A grey draconian zombie (Crypt:1)
  An efreet (D:14)
  39 yaktaurs
  11 demonic crawlers
  2 guardian serpents (shapeshifter) (Vaults:4)
  A komodo dragon (shapeshifter) (Vaults:5)
  An iron troll zombie (Crypt:1)
  A hydra zombie (Crypt:3)
  A sea snake zombie (Crypt:1)
  A tengu conjurer (Depths:5)
  2 catoblepas skeletons
  4 giant leeches
  9 deep elf priests
  A guardian mummy (Tomb:1)
  4 komodo dragons
  5 fire drakes
  26 jumping spiders
  2 hellwings (Depths:3)
  A raiju (shapeshifter) (Depths:1)
  A blue devil (Depths:3)
  A harpy zombie (Crypt:3)
  A queen bee (D:13)
  7 trolls
  24 two-headed ogres
  A two-headed ogre (shapeshifter) (Depths:4)
  A harpy skeleton (Crypt:3)
  A minotaur zombie (Crypt:3)
  2 trolls (shapeshifter)
  6 bog bodies
  An entropy weaver zombie (Vaults:3)
  3 freezing wraiths
  2 boulder beetles (Vaults:4)
  A boulder beetle (shapeshifter) (Depths:2)
  10 blink frogs
  A human simulacrum (Vaults:2)
  An ettin zombie (Crypt:1)
  A fire dragon zombie (Crypt:3)
  A blink frog (shapeshifter) (Vaults:2)
  A hydra skeleton (Crypt:1)
  8 spriggans
  163 slime creatures
  17 tarantellas
  A yak (shapeshifter) (Depths:3)
  38 flying skulls
  8 water elementals (Depths:2)
  5 air elementals (Depths:4)
  57 redbacks
  2 ice dragon skeletons
  11 wraiths
  2 shadows
  5 vampires
  20 trapdoor spiders
  24 deep elf magi
  A spriggan (shapeshifter) (Depths:1)
  A trapdoor spider (shapeshifter) (Depths:3)
  3 fire elementals (D:13)
  A hog (Swamp:3)
  A human (shapeshifter) (Depths:1)
  7 hippogriffs
  11 golden eyes
  59 yaks
  4 wyverns
  A salamander simulacrum (Vaults:2)
  2 hungry ghosts
  7 wolves
  47 deep elf fighters
  A wind drake skeleton (Crypt:2)
  A golden eye (shapeshifter) (Depths:5)
  3 basilisks
  27 swamp worms
  8 wargs
  2 yaktaur simulacra (Vaults:3)
  24 vampire mosquitoes
  4 insubstantial wisps (Swamp:1)
  5 hell hounds (D:13)
  A merfolk zombie (Crypt:1)
  A soldier ant (shapeshifter) (Vaults:4)
  A redback simulacrum (Vaults:3)
  A torturous demonspawn zombie (Crypt:1)
  A human zombie (Vaults:3)
  15 water moccasins
  11 eyes of draining
  3 mottled dragons
  2 black bears
  A sky beast (D:13)
  A spiny frog skeleton (Crypt:3)
  15 porcupines
  A manticore zombie (Crypt:2)
  47 orc warriors
  12 swamp drakes
  20 spiders
  7 ice beasts
  11 wasps
  3 phantoms
  5 necrophages
  53 ogres
  7 centaurs
  13 crocodiles
  14 boggarts
  A brain worm (D:15)
  An elf zombie (Crypt:1)
  16 giant frogs
  A fire crab zombie (Crypt:2)
  5 big kobolds
  An earth elemental (Lab)
  4 scorpions
  36 killer bees
  A spriggan skeleton (Lab)
  11 wights
  An elf skeleton (Vaults:3)
  22 crimson imps
  34 orc priests
  2 quasits (D:10)
  3 centaur zombies
  3 giant frog zombies
  4 electric eels
  3 hounds
  3 centaur skeletons
  5 hell rats (Lair:5)
  6 iguanas
  56 jellies
  A demonspawn skeleton (Crypt:1)
  3 giant frog skeletons
  A porcupine zombie (Crypt:2)
  32 orc wizards
  10 sheep
  7 worker ants
  A felid zombie (Crypt:1)
  An ogre skeleton (Tomb:1)
  A hound skeleton (D:6)
  7 mummies (Tomb:1)
  Robin (D:2)
  10 adders
  42 river rats
  2 shadow imps (D:12)
  13 white imps
  4 oozes
  A sheep zombie (Crypt:2)
  2 adder skeletons (D:9)
  An adder zombie (D:6)
  8 worms
  7 giant geckos
  196 orcs
  3 ball pythons
  4 giant cockroaches
  10 hobgoblins
  8 jackals
  13 kobolds
  8 quokkas
  11 bats
  2 giant gecko skeletons
  2 giant newts (D:1)
  4 goblins
  An orc zombie (Crypt:1)
  11 rats
  A spectral orc (D:3)
  A briar patch (Swamp:1)
  A crawling corpse (Elf:2)
  2 fire vortices (Vaults:5)
  3 fungi
  A lost soul (Crypt:1)
  A plant (Depths:2)
2769 creatures vanquished.

Vanquished Creatures (others)
  A salamander stormcaller (Vaults:5)
  A deep elf high priest (Elf:1)
  A hydra (Swamp:2)
  3 death scarabs (Tomb:1)
  A spriggan druid (Swamp:4)
  A spiny frog (Swamp:2)
  A spriggan (Swamp:3)
  A deep elf mage (Elf:1)
  3 deep elf fighters
  A hog (Swamp:3)
  2 boggarts
  An iguana (D:4)
  A centaur skeleton (D:8)
  2 orc wizards
  2 giant geckos (D:4)
  An orc (Vaults:2)
  A quokka (D:15)
  2 fungi
  7 lost souls
  10 plants
43 creatures vanquished.

Grand Total: 2812 creatures vanquished

Notes
Turn   | Place    | Note
--------------------------------------------------------------
     0 | D:1      | Peloso the Minotaur Fighter began the quest for the Orb.
     0 | D:1      | Reached XP level 1. HP: 19/19 MP: 0/0
   236 | D:1      | Reached XP level 2. HP: 25/27 MP: 1/1
   342 | D:1      | Reached skill level 4 in Shields
   796 | D:2      | Noticed Robin
   810 | D:2      | Killed Robin
   810 | D:2      | Reached XP level 3. HP: 25/33 MP: 2/2
   977 | D:2      | Found a faded altar to an unknown god.
  1234 | D:2      | Found a glowing golden altar of the Shining One.
  1743 | D:3      | Found a shadowy altar of Dithmenos.
  1980 | D:3      | Reached XP level 4. HP: 36/40 MP: 3/3
  2063 | D:3      | Found a basalt altar of Yredelemnul.
  2500 | D:4      | Noticed an ogre
  2510 | D:4      | Killed an ogre
  2510 | D:4      | Reached skill level 5 in Armour
  2510 | D:4      | Reached skill level 1 in Dodging
  2510 | D:4      | Reached XP level 5. HP: 6/46 MP: 4/4
  2856 | D:4      | Found a shattered altar of Ashenzari.
  2876 | D:4      | Noticed a slave
  2876 | D:4      | Noticed a slave
  2877 | D:4      | Noticed a slave
  2878 | D:4      | Noticed Pikel
  2878 | D:4      | Noticed a slave
  2915 | D:4      | Killed Pikel
  2915 | D:4      | Reached skill level 5 in Fighting
  2915 | D:4      | Reached skill level 5 in Long Blades
  2915 | D:4      | Reached skill level 6 in Armour
  2915 | D:4      | Reached skill level 1 in Stealth
  2915 | D:4      | Reached skill level 5 in Shields
  2915 | D:4      | Reached XP level 6. HP: 14/56 MP: 5/5
  2915 | D:4      | Reached XP level 7. HP: 15/61 MP: 6/6
  3271 | D:4      | Found a bloodstained altar of Trog.
  3650 | D:5      | Entered Level 5 of the Dungeon
  3752 | D:5      | Found a glowing drain.
  3765 | Sewer    | Entered a sewer
  3944 | Sewer    | Reached skill level 7 in Armour
  4039 | Sewer    | Reached XP level 8. HP: 69/69 MP: 7/7
  4137 | D:5      | Found a stormy altar of Qazlal.
  4166 | D:5      | Found a white marble altar of Elyvilon.
  4829 | D:6      | Found a deep blue altar of Sif Muna.
  4839 | D:6      | Found a sacrificial altar of Ru.
  4904 | D:6      | Found a staircase to the Ecumenical Temple.
  5257 | D:6      | Found Najos's Distillery.
  5263 | D:6      | Bought a potion of heal wounds for 60 gold pieces
  5848 | D:7      | Reached skill level 8 in Armour
  6110 | D:7      | Reached XP level 9. HP: 74/78 MP: 8/8
  6265 | D:7      | Found a burning altar of Makhleb.
  6266 | D:7      | Found a radiant altar of Vehumet.
  6307 | Temple   | Entered the Ecumenical Temple
  6534 | D:7      | Found Kogimid's Antique Weapon Boutique.
  6874 | D:8      | Noticed a cyclops
  6875 | D:8      | Found an opulent altar of Gozag.
  6891 | D:8      | Killed a cyclops
  7166 | D:8      | Reached skill level 9 in Armour
  8433 | D:9      | Found Zin's Purification Station.
  8436 | D:9      | Found a glowing silver altar of Zin.
  8545 | D:9      | Found an iron altar of Okawaru.
  8565 | D:9      | Became a worshipper of Warmaster Okawaru
  8891 | D:9      | Reached XP level 10. HP: 83/88 MP: 9/9
  9020 | D:10     | Entered Level 10 of the Dungeon
  9082 | D:10     | Reached * piety under Okawaru
  9584 | D:10     | HP: 4/90 [orc warrior/short sword (11)]
  9931 | D:10     | Reached skill level 10 in Armour
 10093 | D:10     | Found a roughly hewn altar of Beogh.
 10093 | D:10     | Found a staircase to the Orcish Mines.
 10480 | D:10     | Identified a scroll of acquirement
 10798 | D:11     | Reached skill level 10 in Shields
 10804 | D:11     | Reached ** piety under Okawaru
 10978 | D:11     | Found a staircase to the Lair.
 11097 | D:11     | Noticed a red ugly thing
 11104 | D:11     | Killed a red ugly thing
 11104 | D:11     | Reached skill level 10 in Long Blades
 11223 | D:11     | Noticed a hill giant
 11234 | D:11     | Killed a hill giant
 11234 | D:11     | Reached *** piety under Okawaru
 11340 | D:11     | Reached XP level 11. HP: 70/97 MP: 10/10
 11444 | D:11     | Reached **** piety under Okawaru
 11522 | D:12     | Reached skill level 11 in Armour
 11619 | D:12     | Reached ***** piety under Okawaru
 11654 | D:12     | Noticed a hill giant
 11666 | D:12     | Killed a hill giant
 11675 | D:12     | Received a gift from Okawaru
 11701 | D:12     | Found a labyrinth entrance.
 11742 | Lab      | Entered a labyrinth
 12227 | Lab      | Noticed a minotaur
 12237 | Lab      | Killed a minotaur
 12237 | Lab      | Reached skill level 10 in Fighting
 12239 | Lab      | Got a translucent ivory ring
 12242 | Lab      | Got a polished shortbow
 12250 | Lab      | Identified the ring "Qyaxeutu" {Wiz rF+ Dex+2} (You took it off a minotaur in a labyrinth)
 12655 | D:12     | Noticed Rupert
 13008 | D:12     | Killed Rupert
 13008 | D:12     | Reached skill level 12 in Shields
 13439 | D:12     | Noticed a hill giant
 13451 | D:12     | Killed a hill giant
 13561 | D:12     | Reached XP level 12. HP: 76/107 MP: 11/11
 14221 | D:13     | Noticed Azrael
 14238 | D:13     | Killed Azrael
 14594 | D:13     | Reached skill level 1 in Invocations
 14610 | D:13     | Reached ****** piety under Okawaru
 14616 | D:13     | Received a gift from Okawaru
 14925 | D:13     | Found a gate to the Vaults.
 14925 | D:13     | Noticed a vault guard
 14927 | D:13     | Noticed a fire dragon
 14934 | D:13     | Killed a vault guard
 14934 | D:13     | Reached skill level 13 in Armour
 14945 | D:13     | Killed a fire dragon
 15041 | D:13     | Identified the +7 shortbow of the Present {speed, rF+} (You took it off a minotaur in a labyrinth)
 15242 | Lair:1   | Entered Level 1 of the Lair of Beasts
 15296 | Lair:1   | Reached skill level 5 in Dodging
 16182 | Lair:2   | Received a gift from Okawaru
 16369 | Lair:2   | Gained mutation: Your system is resistant to poisons. [potion of beneficial mutation]
 16370 | Lair:2   | Gained mutation: You are partially covered in iridescent scales (AC +4). [potion of beneficial mutation]
 16550 | Lair:2   | Reached XP level 13. HP: 100/116 MP: 12/12
 16572 | Lair:2   | Got an ichor-stained chain mail
 16583 | Lair:2   | Identified the +0 chain mail "Doicento" {Int+5} (You found it on level 2 of the Lair of Beasts)
 16922 | Lair:3   | Found a hole to the Spider Nest.
 16997 | Lair:3   | Found a staircase to the Swamp.
 17674 | Lair:4   | Received a gift from Okawaru
 17909 | Lair:4   | Reached skill level 14 in Shields
 19948 | Lair:6   | Found an ancient bone altar of Kikubaaqudgha.
 20346 | Lair:7   | Received a gift from Okawaru
 20510 | Lair:7   | Found a frozen archway.
 20605 | IceCv    | Entered an ice cave
 21001 | IceCv    | Reached skill level 15 in Shields
 21399 | Lair:7   | Reached XP level 14. HP: 64/127 MP: 14/14
 21697 | Lair:8   | Entered Level 8 of the Lair of Beasts
 22076 | Lair:8   | Found a runed door.
 22076 | Lair:8   | Found a viscous altar of Jiyva.
 22076 | Lair:8   | Found a staircase to the Slime Pits.
 22676 | Lair:8   | Reached skill level 15 in Long Blades
 22874 | Lair:8   | Noticed Maud
 22887 | Lair:8   | Killed Maud
 22997 | Lair:8   | Received a gift from Okawaru
 23568 | Lair:8   | Reached skill level 16 in Shields
 23993 | Lair:8   | Received a gift from Okawaru
 24001 | Lair:8   | Got an ivory scimitar {god gift}
 24002 | Lair:8   | Identified the +7 scimitar "Demonslayer" {distort, *Rage rElec rPois Int+3} (Okawaru gifted it to you on level 8 of the Lair of Beasts)
 24459 | Lair:8   | Got a wavering ivory ring
 24482 | Lair:8   | Identified the ring of Equilibrium {MR+ MP+9 Slay+3 SInv} (You found it on level 8 of the Lair of Beasts)
 24602 | Lair:7   | Reached skill level 15 in Armour
 24866 | Orc:1    | Entered Level 1 of the Orcish Mines
 24866 | Orc:1    | Found Biddish's Antique Weapon Emporium.
 25432 | Orc:1    | Received a gift from Okawaru
 25432 | Orc:1    | Reached XP level 15. HP: 129/137 MP: 15/15
 26229 | Orc:4    | Entered Level 4 of the Orcish Mines
 26391 | Orc:4    | Found Nettor's Antique Weapon Emporium.
 26465 | Orc:4    | Found a staircase to the Elven Halls.
 27042 | Orc:4    | Found Fuuqeon's Weapon Emporium.
 27042 | Orc:4    | Found Qorrah's Assorted Antiques.
 27380 | Orc:4    | Found Heirato's Jewellery Emporium.
 27380 | Orc:4    | Found Gan Piagg's Assorted Antiques.
 27787 | Orc:2    | Found a roughly hewn altar of Beogh.
 27929 | Orc:2    | Found a bloodstained altar of Trog.
 28170 | Orc:1    | Received a gift from Okawaru
 28179 | Orc:1    | Got a pair of encrusted boots {god gift}
 28185 | Orc:1    | Identified the +2 pair of boots of Midnight {rPois} (Okawaru gifted it to you on level 1 of the Orcish Mines)
 29405 | D:15     | Entered Level 15 of the Dungeon
 29836 | D:15     | Got an ivory arbalest
 29910 | D:15     | Reached skill level 17 in Shields
 29923 | D:15     | Found a white marble altar of Elyvilon.
 30398 | D:15     | Noticed Louise
 30411 | D:15     | Killed Louise
 30411 | D:15     | Received a gift from Okawaru
 30427 | D:15     | Identified a +0 pair of boots of running (Okawaru gifted it to you on level 15 of the Dungeon)
 30602 | D:15     | Found a blossoming altar of Fedhas.
 30737 | D:15     | Found a staircase to the Depths.
 31152 | Spider:1 | Entered Level 1 of the Spider Nest
 31319 | Spider:1 | Noticed Agnes
 31336 | Spider:1 | Killed Agnes
 31753 | Spider:1 | Got a shimmering chain mail
 31764 | Spider:1 | Identified the +4 chain mail of Atheism {rF- rC+ rN+} (You acquired it on level 1 of the Spider Nest)
 31968 | Spider:2 | Noticed Jorgrun
 31983 | Spider:2 | Killed Jorgrun
 31983 | Spider:2 | Reached XP level 16. HP: 144/147 MP: 16/16
 31996 | Spider:2 | Received a gift from Okawaru
 32116 | Spider:2 | Identified the +8 arbalest of Zaeh {venom, rPois rN+ Stlth-} (You found it on level 15 of the Dungeon)
 32351 | Spider:2 | Got a twisted whip
 32353 | Spider:2 | Identified the +8 whip "Cemati" {speed, +Inv Str+3} (You found it on level 2 of the Spider Nest)
 32440 | Spider:2 | Reached skill level 18 in Shields
 33331 | Spider:3 | Received a gift from Okawaru
 33337 | Spider:3 | Noticed Gargoyl's ghost (adept DsAK)
 33338 | Spider:3 | Got a smoking cloak {god gift}
 33408 | Spider:3 | Killed Gargoyl's ghost
 33449 | Spider:3 | Identified the +0 cloak of Umio {Str+6} (Okawaru gifted it to you on level 3 of the Spider Nest)
 33948 | Spider:4 | Entered Level 4 of the Spider Nest
 33948 | Spider:4 | Noticed Mara
 33969 | Spider:3 | Noticed Peloso's illusion
 34064 | Spider:3 | Killed Mara
 34064 | Spider:3 | Reached skill level 15 in Fighting
 34151 | Spider:3 | Received a gift from Okawaru
 34998 | Spider:4 | Reached skill level 19 in Shields
 35494 | Spider:4 | Reached XP level 17. HP: 86/156 MP: 17/17
 35548 | Spider:4 | Received a gift from Okawaru
 35551 | Spider:4 | Got an ancient large shield {god gift}
 35562 | Spider:4 | Identified the +0 large shield of Proximity {rN+ Str+4} (Okawaru gifted it to you on level 4 of the Spider Nest)
 35859 | Spider:4 | Got a gossamer rune of Zot
 36191 | Swamp:1  | Entered Level 1 of the Swamp
 36298 | Swamp:1  | Noticed Roxanne
 36330 | Swamp:1  | Killed Roxanne
 36353 | Swamp:1  | Identified Roxanne's Volume of the Shifting Rocks (You took it off Roxanne on level 1 of the Swamp)
 36645 | Swamp:1  | Reached skill level 20 in Shields
 38064 | Swamp:3  | Noticed Nikola
 38078 | Swamp:3  | Noticed Kirke
 38084 | Swamp:3  | Killed Nikola
 38084 | Swamp:3  | Received a gift from Okawaru
 38097 | Swamp:3  | Killed Kirke
 38213 | Swamp:3  | Noticed Aizul
 38232 | Swamp:3  | Killed Aizul
 38627 | Swamp:4  | Entered Level 4 of the Swamp
 38669 | Swamp:4  | Received a gift from Okawaru
 39469 | Swamp:4  | Reached XP level 18. HP: 166/166 MP: 19/19
 39578 | Swamp:4  | Got a decaying rune of Zot
 40291 | Elf:1    | Entered Level 1 of the Elven Halls
 40576 | Elf:1    | Found Yliara's Weapon Emporium.
 40912 | Elf:1    | Received a gift from Okawaru
 41155 | Elf:1    | Reached skill level 21 in Shields
 41833 | Elf:2    | Found Pypahepe's Gadget Shoppe.
 42001 | Elf:2    | Found a runed gate.
 42001 | Elf:2    | Found a runed gate.
 42001 | Elf:2    | Found a runed gate.
 42210 | Elf:2    | Noticed Saint Roka
 42642 | Elf:2    | Killed Saint Roka
 43049 | Elf:3    | Entered Level 3 of the Elven Halls
 43673 | Elf:3    | Found a portal to a secret trove of treasure.
 43765 | Elf:3    | Received a gift from Okawaru
 44368 | Elf:3    | Reached skill level 22 in Shields
 44378 | Elf:3    | Reached XP level 19. HP: 124/177 MP: 20/20
 44679 | Elf:3    | Got a warped falchion {pain}
 44685 | Elf:3    | Identified the +6 falchion of Grace {pain, rC+ Stlth+} (You took it off a deep elf sorcerer on level 3 of the Elven Halls)
 45050 | Elf:3    | Received a gift from Okawaru
 45858 | Elf:3    | Got a sparkling golden ring
 46044 | Elf:3    | Identified the ring of Sageowearo {rElec Int+7 Dex-5 Stlth-} (You took it off a deep elf mage on level 3 of the Elven Halls)
 46199 | Elf:3    | Identified Zoemal's Handbook of the Scorching Oath
 46237 | Elf:3    | Identified the Compendium of Talismans (You found it on level 3 of the Elven Halls)
 46355 | Elf:3    | Got an ichor-stained shield {god gift}
 46414 | Elf:3    | Identified the +5 shield of Qierhah {rN+} (Okawaru gifted it to you on level 3 of the Elven Halls)
 47279 | Vaults:1 | Entered Level 1 of the Vaults
 47393 | Vaults:1 | Noticed Wiglaf
 47406 | Vaults:1 | Killed Wiglaf
 47494 | Vaults:1 | Received a gift from Okawaru
 48063 | Vaults:1 | Reached skill level 23 in Shields
 48127 | Vaults:1 | Received a gift from Okawaru
 48833 | Vaults:2 | Noticed Mennas
 48882 | Vaults:2 | Killed Mennas
 49170 | Vaults:2 | Reached XP level 20. HP: 187/187 MP: 21/21
 49472 | Vaults:2 | Received a gift from Okawaru
 49475 | Vaults:2 | Got a crystal double sword {god gift}
 49507 | Vaults:2 | Identified the +8 double sword of Destiny {speed, rPois} (Okawaru gifted it to you on level 2 of the Vaults)
 50027 | Vaults:2 | Found Lutinle's Weapon Shoppe.
 50531 | Vaults:3 | Noticed Asterion
 50561 | Vaults:3 | Killed Asterion
 50581 | Vaults:3 | Received a gift from Okawaru
 51302 | Vaults:3 | Reached skill level 24 in Shields
 51511 | Vaults:3 | Noticed Xtahua
 51526 | Vaults:3 | Killed Xtahua
 52054 | Vaults:3 | Received a gift from Okawaru
 52142 | Vaults:3 | Found a staircase to the Crypt.
 52843 | Vaults:4 | Reached XP level 21. HP: 196/198 MP: 22/22
 52951 | Vaults:4 | Received a gift from Okawaru
 52961 | Vaults:4 | Got a scorched long sword {god gift}
 52968 | Vaults:4 | Identified the +4 long sword of Greed {holy, rF+} (Okawaru gifted it to you on level 4 of the Vaults)
 53518 | Vaults:4 | Reached skill level 1 in Throwing
 53518 | Vaults:4 | Reached skill level 1 in Unarmed Combat
 53518 | Vaults:4 | Reached skill level 1 in Evocations
 53518 | Vaults:4 | Reached XP level 22. HP: 206/206 MP: 23/23
 53651 | Vaults:5 | Entered Level 5 of the Vaults
 53889 | Vaults:4 | Received a gift from Okawaru
 54157 | Vaults:5 | Noticed Sojobo
 54165 | Vaults:5 | Received a gift from Okawaru
 54182 | Vaults:5 | Reached skill level 25 in Shields
 54991 | Vaults:4 | Received a gift from Okawaru
 55212 | Vaults:5 | Noticed an ancient lich
 55442 | Vaults:5 | Killed an ancient lich
 55457 | Vaults:4 | Reached XP level 23. HP: 146/215 MP: 25/25
 55672 | Vaults:5 | Killed Sojobo
 55672 | Vaults:5 | Received a gift from Okawaru
 55872 | Vaults:5 | Reached skill level 5 in Invocations
 56760 | Vaults:5 | Got a silver rune of Zot
 56927 | Vaults:5 | Identified the Guide on Attacks and the Blaze
 57083 | Vaults:5 | Identified the Almanac of Damaging Heat
 57905 | Lair:8   | Received a gift from Okawaru
 58224 | Orc:4    | Bought a scratched agate ring for 155 gold pieces
 59305 | Crypt:1  | Entered Level 1 of the Crypt
 60080 | Crypt:1  | Found a basalt altar of Yredelemnul.
 60197 | Crypt:1  | Reached skill level 26 in Shields
 60763 | Crypt:1  | Found an ancient bone altar of Kikubaaqudgha.
 60814 | Crypt:1  | Identified Jyffesat's Compendium of Poisonous Transformation
 61258 | Depths:1 | Entered Level 1 of the Depths
 61359 | Depths:1 | Noticed the Enchantress
 61392 | Depths:1 | Killed the Enchantress
 61402 | Depths:1 | Received a gift from Okawaru
 61406 | Depths:1 | Got a faerie dragon armour
 61459 | Depths:1 | Identified the +1 faerie dragon armour {rCorr Dex+5} (You took it off the Enchantress on level 1 of the Depths)
 61783 | Slime:1  | Entered Level 1 of the Pits of Slime
 62767 | Slime:2  | Noticed Dissolution
 62774 | Slime:2  | Killed Dissolution
 62774 | Slime:2  | Reached skill level 10 in Dodging
 63652 | Slime:3  | Reached XP level 24. HP: 173/226 MP: 26/26
 65460 | Slime:4  | Received a gift from Okawaru
 66355 | Slime:6  | Entered Level 6 of the Pits of Slime
 66955 | Slime:6  | Noticed the royal jelly
 67129 | Slime:6  | Killed the royal jelly
 67168 | Slime:6  | HP: 7/228 [acid blob[the royal jelly] (29)]
 67168 | Slime:6  | HP: 3/228 [acid[the royal jelly] (4)]
 67694 | Slime:6  | Received a gift from Okawaru
 68229 | Slime:6  | Got a clouded bone ring
 68231 | Slime:6  | Identified the ring of Ashef {SustAt rF+} (You found it on level 6 of the Pits of Slime)
 68346 | Slime:6  | Got a slimy rune of Zot
 68447 | Slime:6  | Got an ancient mace
 68448 | Slime:6  | Identified the +3 mace of Responsibility {crush, rPois Str-2 Int+2} (You found it on level 6 of the Pits of Slime)
 68453 | Slime:6  | Got a crystal longbow
 68454 | Slime:6  | Identified the +7 longbow of Sulphur {freeze, -Tele rF+++ rN+ SInv} (You found it on level 6 of the Pits of Slime)
 68501 | Slime:6  | Got a warped marble ring
 68502 | Slime:6  | Identified the cursed ring "Bukastaj" {EV-2 Stlth+} (You found it on level 6 of the Pits of Slime)
 69070 | Slime:3  | Gained mutation: You are frail (-10% HP). [a shining eye]
 69073 | Slime:3  | Gained mutation: Your magical capacity is low (-10% MP). [a shining eye]
 69075 | Slime:3  | Gained mutation: Scrolls take you a little longer to read. [a shining eye]
 69078 | Slime:3  | Gained mutation: Potions and wands are less effective at restoring your health. [a shining eye]
 69079 | Slime:3  | Gained mutation: You are very frail (-20% HP). [a shining eye]
 69744 | Depths:1 | Found a gateway to Hell.
 70284 | Depths:1 | Received a gift from Okawaru
 70790 | Depths:1 | Reached skill level 27 in Shields
 71271 | Depths:2 | Reached XP level 25. HP: 180/186 MP: 23/23
 71465 | Depths:2 | Found a runed gate.
 71465 | Depths:2 | Found a runed gate.
 71465 | Depths:2 | Found a runed gate.
 71478 | Depths:2 | Received a gift from Okawaru
 71508 | Depths:2 | Received a gift from Okawaru
 71570 | Depths:2 | Found a runed gate.
 71570 | Depths:2 | Found a runed gate.
 71570 | Depths:2 | Found a runed gate.
 71571 | Depths:2 | Got a fine graven amulet
 71574 | Depths:2 | Identified the amulet "Suaff" {Clar MR+ Dex+3} (You found it on level 2 of the Depths)
 72420 | Depths:3 | Reached skill level 27 in Long Blades
 73293 | Depths:3 | Received a gift from Okawaru
 73926 | Depths:3 | Identified the Reference Book on Scorching Attacks
 74135 | Depths:3 | Received a gift from Okawaru
 74307 | Depths:3 | Found a one-way gate leading to the halls of Pandemonium.
 74461 | Depths:4 | Found a huge runed gate.
 74461 | Depths:4 | Found a huge runed gate.
 74461 | Depths:4 | Found a huge runed gate.
 74461 | Depths:4 | Found a huge runed gate.
 74461 | Depths:4 | Found a huge runed gate.
 74461 | Depths:4 | Found a huge runed gate.
 74461 | Depths:4 | Found a huge runed gate.
 74461 | Depths:4 | Found a huge runed gate.
 74461 | Depths:4 | Found a huge runed gate.
 74461 | Depths:4 | Found a huge runed gate.
 75384 | Depths:4 | Reached XP level 26. HP: 189/202 MP: 24/24
 75571 | Depths:4 | Found a one-way gate to the infinite horrors of the Abyss.
 75597 | Depths:4 | Found Ygrisom's Antique Weapon Emporium.
 75697 | Depths:4 | Received a gift from Okawaru
 76373 | Depths:4 | Received a gift from Okawaru
 76384 | Depths:4 | Got a smoking double sword {god gift}
 76753 | Depths:4 | Identified the +5 double sword "Zuraet" {flame, *Rage Int+6} (Okawaru gifted it to you on level 4 of the Depths)
 76850 | Depths:4 | Found a gateway to a ziggurat.
 77127 | Depths:5 | Entered Level 5 of the Depths
 77611 | Depths:5 | Found a gate to the Realm of Zot.
 77618 | Depths:5 | Received a gift from Okawaru
 77621 | Depths:5 | Got an ebony scimitar {god gift}
 77622 | Depths:5 | Identified the +7 scimitar "Vyaf" {antimagic, rC+ MP+9 Int+2 Dex+2} (Okawaru gifted it to you on level 5 of the Depths)
 77864 | Depths:5 | Noticed a juggernaut
 77876 | Depths:5 | Killed a juggernaut
 79241 | Crypt:2  | Found a basalt altar of Yredelemnul.
 79837 | Crypt:3  | Entered Level 3 of the Crypt
 79980 | Crypt:3  | Received a gift from Okawaru
 80353 | Crypt:3  | Reached XP level 27. HP: 216/216 MP: 25/25
 80457 | Crypt:3  | Found a basalt altar of Yredelemnul.
 80457 | Crypt:3  | Noticed an ancient lich
 80463 | Crypt:3  | Killed an ancient lich
 80954 | Crypt:3  | Noticed Donald
 80963 | Crypt:3  | Killed Donald
 80969 | Crypt:3  | Killed the ghostly Donald
 80992 | Crypt:3  | Noticed Margery
 81009 | Crypt:3  | Killed Margery
 81009 | Crypt:3  | Reached skill level 27 in Fighting
 81081 | Crypt:3  | Found a staircase to the Tomb.
 83716 | Depths:4 | Received a gift from Okawaru
 83728 | Depths:4 | Got a faintly humming large shield {god gift}
 83746 | Depths:4 | Identified the +8 large shield of Imperfection {rC+} (Okawaru gifted it to you on level 4 of the Depths)
 84315 | Depths:5 | Reached skill level 10 in Invocations
 85077 | Tomb:1   | Entered Level 1 of the Tomb of the Ancients
 85684 | Tomb:1   | HP: 8/218 [sphinx/divine providence (12)]
 85689 | Tomb:1   | HP: 9/218 [sphinx/divine providence (13)]
 85694 | Tomb:1   | HP: 4/218 [sphinx/divine providence (13)]
 85695 | Tomb:1   | Killed from afar by a sphinx

Action                   |  1- 3 |  4- 6 |  7- 9 | 10-12 | 13-15 | 16-18 | 19-21 | 22-24 | 25-27 || total
-------------------------+-------+-------+-------+-------+-------+-------+-------+-------+-------++-------
Melee: Long sword        |    97 |    65 |   441 |   824 |  1599 |   730 |   541 |       |       ||  4297
       Scimitar          |       |       |       |       |    20 |  1059 |    62 |       |       ||  1141
       Falchion          |       |       |       |       |       |       |    65 |       |       ||    65
       Demon blade       |       |       |       |       |       |       |   273 |       |       ||   273
       Double sword      |       |       |       |       |       |       |   367 |  1794 |  1681 ||  3842
       Unarmed           |       |       |       |       |       |       |       |    12 |       ||    12
Invok: Heroism           |       |       |       |     3 |     5 |     6 |     3 |     7 |    12 ||    36
       Finesse           |       |       |       |       |     3 |     2 |       |     6 |     7 ||    18
Evoke: Wand              |       |       |       |     1 |     1 |     6 |     2 |     9 |     7 ||    26
  Use: Potion            |       |     1 |       |     3 |     1 |     5 |     3 |     6 |     9 ||    28
       Scroll            |       |       |    11 |    26 |    11 |    12 |    13 |    20 |    13 ||   106
 Stab: Petrified         |       |       |       |       |     1 |       |       |       |       ||     1
       Confused          |       |       |       |       |       |     1 |       |       |       ||     1
       Sleeping          |       |       |       |       |       |       |       |     5 |       ||     5
       Distracted        |       |       |       |       |       |       |       |     4 |       ||     4
  Eat: Chunk             |     2 |     3 |    13 |    20 |    41 |    21 |    23 |    13 |    31 ||   167
       Pizza             |       |     1 |       |       |     3 |     2 |     1 |     2 |     1 ||    10
       Beef jerky        |       |       |     1 |       |     3 |     1 |       |     1 |     4 ||    10
       Bread ration      |       |       |     1 |     1 |       |       |       |       |       ||     2
       Fruit             |       |       |       |     4 |     1 |    19 |     7 |    12 |     4 ||    47
       Royal jelly       |       |       |       |       |       |       |       |     8 |     2 ||    10
       Meat ration       |       |       |       |       |       |       |       |     2 |       ||     2
